 Dungeon Crawl Stone Soup version 0.30-a0-385-gfebfb9b408 (webtiles) character file.

Game seed: 5154318045667367078

114 lunkers the Slasher (level 5, -8/45 HPs)
             Began as a Meteoran Fighter on Dec 2, 2022.
             Mangled by an ogre
             ... wielding a +0 giant club
              (13 damage)
             ... on level 4 of the Dungeon on Dec 5, 2022.
             The game lasted 00:03:00 (949 turns).

lunkers the Slasher (Meteoran Fighter)               Turns: 949, Time: 00:03:01

Health: -8/45      AC:  9    Str: 17    XL:     5   Next: 42%
Magic:  6/6        EV:  9    Int: 15    God:
Gold:   73         SH:  5    Dex: 15    Spells: 4/4 levels left

rFire   . . .      SeeInvis .    a - +6 sling "Daczigef" {vorpal, Int+5 Stlth+}
rCold   . . .      Faith    .    c - +0 buckler
rNeg    . . .      Spirit   .    b - +0 scale mail
rPois   .          Reflect  .    (no helmet)
rElec   .          Harm     .    (no cloak)
rCorr   .          Rampage  .    r - +1 pair of gloves "Leuduah" {+Blink}
Will    .....                    (no boots)
Stlth   +.........               (no amulet)
HPRegen 0.27/turn                (no ring)
MPRegen 0.10/turn                (no ring)

@: glowing
A: sense surroundings 1, otherworldly, glowing, explore regen
a: Evoke Blink


You were on level 4 of the Dungeon.
You visited 1 branch of the dungeon, and saw 4 of its levels.

You collected 73 gold pieces.

Inventory:

Hand Weapons
 a - the +6 sling "Daczigef" (weapon) {vorpal, Int+5 Stlth+}
   (You found it on level 2 of the Dungeon)

   Any ammunition fired from it inflicts extra damage upon your enemies.
   Int:       It affects your intelligence (+5).
   Stlth:     It makes you more stealthy.
 i - a +2 vampiric dagger
 n - a +0 long sword
Armour
 b - a +0 scale mail (worn)
 c - a +0 buckler (worn)
 r - the +1 pair of gloves "Leuduah" (worn) {+Blink}
   (You found it on level 3 of the Dungeon)

   +Blink:    It lets you blink.
Jewellery
 m - a ring of protection from cold
Scrolls
 e - 2 scrolls of teleportation {unknown}
 f - 2 scrolls of blinking {unknown}
 j - a scroll of immolation {unknown}
 k - a scroll of amnesia {unknown}
 l - a scroll of poison {unknown}
 q - a scroll of enchant armour {unknown}
 s - a scroll of fog {unknown}
Potions
 d - a potion of might
 g - 2 potions of heal wounds {unknown}
 h - 2 potions of haste {unknown}
 o - 2 potions of attraction {unknown}
 p - a potion of curing {unknown}


   Skills:
 - Level 3.2 Fighting
 - Level 0.3(2.2) Short Blades
 - Level 3.9 Long Blades
 + Level 3.8 Ranged Weapons
 - Level 3.6 Armour
 - Level 3.6 Shields


You had 4 spell levels left.
You didn't know any spells.
Your spell library contained the following spells:

 Spells                   Type           Power      Damage    Failure   Level
 Iskenderun's Battlesphe  Conj           0%         2d6       100%        5
 Iron Shot                Conj/Erth      0%         9d1       100%        6
 Spellforged Servitor     Conj/Summ      0%         N/A       100%        7


Dungeon Overview and Level Annotations

Branches:
Dungeon (4/15) Zot: 1404
 Temple: D:4-7

Altars:
Cheibriados


Innate Abilities, Weirdness & Mutations

You passively map a small area around you.
You are easily found by Zot.
You glow in the dark.
You regain HP and MP as you explore.


Message History

No target in view!
No target in view!
There is a stone staircase leading down here.
You climb downwards.
The ogre shouts!
Found 5 gold pieces.
There is a stone staircase leading up here.
You shoot a sling bullet.
The sling bullet hits the ogre but does no damage.
The ogre hits you with a +0 giant club!!
* * * LOW HITPOINT WARNING * * *
Fire: a) +6 sling "Daczigef" {vorpal, Int+5 Stlth+}
Press: ? - help, Q - select action, (/) - cycle Shift-Dir - straight line, f/p - ogre
Aim: an ogre, wielding a +0 giant club (78% to hit)
You shoot a sling bullet.
The sling bullet barely misses the ogre.
The ogre hits you with a +0 giant club!!
Ouch! That really hurt!
* * * LOW HITPOINT WARNING * * *
Fire: a) +6 sling "Daczigef" {vorpal, Int+5 Stlth+}
Press: ? - help, Q - select action, (/) - cycle Shift-Dir - straight line, f/p - ogre
Aim: an ogre, wielding a +0 giant club (78% to hit)
You shoot a sling bullet. The sling bullet hits the ogre!
The ogre is moderately wounded.
The ogre completely misses you.
Unknown command.
Fire: a) +6 sling "Daczigef" {vorpal, Int+5 Stlth+}
Press: ? - help, Q - select action, (/) - cycle Shift-Dir - straight line, f/p - ogre
Aim: an ogre, wielding a +0 giant club (moderately wounded, 78% to hit)
You shoot a sling bullet. The sling bullet hits the ogre.
The ogre is moderately wounded.
The quokka barely misses you. The ogre closely misses you.
Unknown command.
Fire: a) +6 sling "Daczigef" {vorpal, Int+5 Stlth+}
Press: ? - help, Q - select action, (/) - cycle Shift-Dir - straight line, f/p - ogre
Aim: an ogre, wielding a +0 giant club (moderately wounded, 78% to hit)
You shoot a sling bullet.
The sling bullet barely misses the ogre.
The quokka barely misses you. x2; The ogre hits you with a +0 giant club!
You die...

* #####....
,.........
* ........#
........#,*
........#,
* *
........# #
#...r#.# ,
#...@O.# *
#.....##**
#.....$.,
#....#### *
#....#
######


You could see an ogre and a quokka.

Vanquished Creatures
  Natasha (D:3)
  A mummy (D:3)
  3 adders
  A ball python (D:2)
  3 bats
  3 endoplasms
  2 goblins (D:1)
  6 hobgoblins
  11 jackals
  3 kobolds
  3 quokkas
  3 frilled lizards
  6 rats
46 creatures vanquished.

Notes
Turn   | Place    | Note
-------+----------+-------------------------------------------
     0 | D:1      | lunkers the Meteoran Fighter began the quest for the Orb.
     0 | D:1      | Reached XP level 1. HP: 19/19 MP: 2/2
   184 | D:1      | Reached XP level 2. HP: 26/26 MP: 3/3
   302 | D:1      | Reached XP level 3. HP: 10/31 MP: 4/4
   468 | D:2      | Identified the +6 sling "Daczigef" {vorpal, Int+5 Stlth+}
   523 | D:2      | Reached skill level 1 in Ranged Weapons
   573 | D:2      | Reached XP level 4. HP: 38/38 MP: 5/5
   596 | D:2      | Identified the +4 ring mail of Peek-a-Boo {Contam rF+++
                  | Int+3 Dex+4}
   767 | D:3      | Identified the +1 pair of gloves "Leuduah" {+Blink}
   820 | D:3      | Found a snail-covered altar of Cheibriados.
   903 | D:3      | Reached XP level 5. HP: 44/45 MP: 6/6
   930 | D:3      | Noticed Natasha
   934 | D:3      | Killed Natasha
   944 | D:4      | Noticed an ogre
   949 | D:4      | Mangled by an ogre

Illustrated notes

Levels and vault maps discovered:
D:1:      dpeg_arrival_court, layout_basic, kennysheep_decorative_pillar
D:2:      layout_loops_corners, hellmonk_ecumenical_altar_zigzags
D:3:      layout_rooms, slow_altar_2, uniq_natasha
D:4:      layout_rooms, old_standard_altar, minmay_temple_entry_statues_pillars

Skill      XL: |  1  2  3  4 |
---------------+-------------+-----
Long Blades    | 3 |  3.9
Ranged Weapons | 2 3 |  3.8
Fighting       | |  3.2
Short Blades   | |  0.3
Armour         | |  3.6
Shields        | |  3.6

Action                   |  1- 3 |  4- 6 || total
-------------------------+-------+-------++-------
Melee: Long sword        |    54 |       ||    54
       Dagger            |     5 |       ||     5
 Fire: Sling             |    26 |    37 ||    63
Armor: Scale mail        |    66 |    12 ||    78
Dodge: Dodged            |    37 |    13 ||    50
Block: Buckler           |    20 |     3 ||    23

Table legend: (Time is in decaauts)
 A = Elapsed time spent in this place.
 B = Non-inter-level travel time spent in this place.
 C = Inter-level travel time spent in this place.
 D = Time resting spent in this place.
 E = Time spent auto-exploring this place.
 F = Levels seen in this place.
 G = Mean time per level.
                   A        B        C        D        E       F      G
               +--------+--------+--------+--------+--------+-----+--------+
         Total |    994 |    947 |     47 |      0 |    577 |   4 |  248.5 |
       Dungeon |    994 |    947 |     47 |      0 |    577 |   4 |  248.5 |
               +--------+--------+--------+--------+--------+-----+--------+

Top non-repeatable levels by time:
     D:1: 418 daAuts
     D:2: 311 daAuts
     D:3: 258 daAuts
     D:4: 6 daAuts
